 Dungeon Crawl Stone Soup version 0.20.1-1-g8b1a95d (webtiles) character file.

1577 polve the Carver (level 8, -6/42 HPs)
             Began as a Vine Stalker Fighter on July 30, 2017.
             Was a Follower of Uskayaw.
             Mangled by a skeletal warrior
             ... wielding a +4 trident
             ... led by a death knight
              (13 damage)
             ... on level 7 of the Dungeon.
             The game lasted 00:08:11 (6144 turns).

polve the Carver (Vine Stalker Fighter)             Turns: 6144, Time: 00:08:12

Health: -6/42      AC: 20    Str: 24    XL:     8   Next: 91%
Magic:  0/9        EV:  1    Int:  8    God:    Uskayaw [*.....]
Gold:   316        SH: 10    Dex: 16    Spells: 7/7 levels left

rFire    . . .     SeeInvis .   a - +0 long sword
rCold    . . .     Gourm    .   c - +0 shield
rNeg     . . .     Faith    .   u - +0 crystal plate armour (curse)
rPois    .         Spirit   +   s - +1 helmet
rElec    .         Reflect  .   (no cloak)
rCorr    +         Harm     .   (no gloves)
MR       +....                  m - +0 pair of boots
Stlth    ..........             (no amulet)
Regen    0.6/turn               y - ring of resist corrosion
MPRegen  0.2/turn               (no ring)

@: mighty
A: fangs 3, regeneration 1, magic shield, antimagic bite, no potion heal 3, rot
immunity
a: Stomp, Renounce Religion


You were on level 7 of the Dungeon.
You worshipped Uskayaw.
Uskayaw was noncommittal.
You were hungry.

You visited 2 branches of the dungeon, and saw 8 of its levels.
You also visited: Sewer.

You collected 316 gold pieces.

Inventory:

Hand Weapons
 a - a +0 long sword (weapon)
Armour
 c - a +0 shield (worn)
 m - a +0 pair of boots (worn)
 s - a +1 helmet (worn)
 u - a cursed +0 crystal plate armour (worn)
Jewellery
 y - a ring of resist corrosion (left hand)
Wands
 h - a wand of acid (9/15)
Scrolls
 e - 3 scrolls of identify
 g - 2 scrolls of remove curse
 i - 3 scrolls of fear
 k - a scroll of magic mapping
 l - a scroll of immolation
 n - 2 scrolls of recharging {unknown}
 x - a scroll of blinking {unknown}
Potions
 b - a potion of mutation {unknown}
 d - 5 potions of might
 j - 3 potions of curing {unknown}
 p - a potion of haste {unknown}
 r - a potion of berserk rage {unknown}
 t - 2 potions of cancellation {unknown}
 w - 2 potions of flight {unknown}
Comestibles
 f - 7 bread rations
 o - 4 royal jellies
 q - 3 meat rations


   Skills:
 + Level 4.8 Fighting
 - Level 8.1 Long Blades
 + Level 4.6 Armour
 - Level 2.6 Shields


You had 7 spell levels left.
You didn't know any spells.

Dungeon Overview and Level Annotations

Branches:
Dungeon (7/15)             Temple (1/1) D:4

Altars:
Cheibriados
Elyvilon
Gozag
Hepliaklqana
Kikubaaqudgha
Nemelex Xobeh
Okawaru
Qazlal
Ru
Sif Muna
Trog
Uskayaw
Vehumet
Xom
Yredelemnul
Zin
The Shining One

Shops:
D:6 *


Innate Abilities, Weirdness & Mutations

You have razor-sharp teeth.
Your natural rate of healing is unusually fast.
When hurt, damage is shared between your health and your magic reserves.
Your bite disrupts and absorbs the magic of your enemies.
Potions cannot restore your health.
You are immune to rotting.


Message History

Your bite misses the skeletal warrior.
The skeletal warrior is lightly damaged.
You block the skeletal warrior's attack.
You slash the skeletal warrior! Your bite misses the skeletal warrior.
The skeletal warrior is moderately damaged.
You block the skeletal warrior's attack.
Your crystal plate armour prevents you from hitting the skeletal warrior.
You bite the skeletal warrior, but do no damage.
The skeletal warrior is lightly damaged.
The skeletal warrior hits you with an enchanted trident.
* * * LOW HITPOINT WARNING * * *
You slash the skeletal warrior!
You bite the skeletal warrior, but do no damage.
The skeletal warrior is moderately damaged.
The skeletal warrior hits you with an enchanted trident!
* * * LOW HITPOINT WARNING * * *
You block the skeletal warrior's attack.
There is a stone staircase leading up here.
The skeletal warrior hits you from afar with an enchanted trident!
You die...

#..#.### #..#
##......# #..#
#.....### #..#
##......# #..#
#....#.# #..#
#....#.# #..# ##
#.(.##.# #..#
.#####...##.###..#
............z.z.@#
...#.##..##.####.#
'###.##..##.# #.#
.# #.##.###.####.#
.# #.............#
z# ####.###.######
.# #># #.# z#
#.###.######## .#
#.............


You could see 2 skeletal warriors.

Vanquished Creatures
  An ice beast (D:6)
  3 ogres
  An orc warrior (D:5)
  A phantom (D:6)
  A big kobold (Sewer)
  4 killer bees (D:7)
  A howler monkey (D:4)
  A crimson imp (D:5)
  4 orc wizards
  3 orc priests
  3 worker ants (D:4)
  Natasha (thrice) (D:2)
  2 hound zombies
  A hound skeleton (D:7)
  A worker ant zombie (D:6)
  Robin (D:3)
  14 adders
  A shadow imp (D:7)
  An ooze (Sewer)
  3 dart slugs
  8 leopard geckos
  27 orcs
  A bat skeleton (D:3)
  3 bat zombies (D:3)
  7 giant cockroaches
  8 hobgoblins
  12 jackals
  22 kobolds
  4 quokkas
  2 ball pythons (Sewer)
  11 bats
  2 frilled lizards
  15 goblins
  A jackal skeleton (D:4)
  A leopard gecko skeleton (D:6)
  9 rats
183 creatures vanquished.

Notes
Turn   | Place    | Note
-------+----------+-------------------------------------------
     0 | D:1      | polve the Vine Stalker Fighter began the quest for the Orb.
     0 | D:1      | Reached XP level 1. HP: 11/11 MP: 2/2
   179 | D:1      | Reached skill level 2 in Long Blades
   245 | D:1      | Reached XP level 2. HP: 13/16 MP: 3/3
   609 | D:1      | Reached skill level 3 in Long Blades
   840 | D:2      | Reached XP level 3. HP: 18/19 MP: 2/4
   921 | D:2      | Found a sparkling altar of Nemelex Xobeh.
   924 | D:2      | Found a deep blue altar of Sif Muna.
  1118 | D:2      | Gained mutation: Your natural rate of healing is unusually fast. [Vine Stalker growth]
  1118 | D:2      | Reached XP level 4. HP: 23/23 MP: 5/5
  1256 | D:2      | Found an opulent altar of Gozag.
  1263 | D:2      | Found a bloodstained altar of Trog.
  1289 | D:2      | Reached skill level 4 in Long Blades
  1301 | D:2      | Noticed Natasha
  1305 | D:2      | Killed Natasha
  1362 | D:2      | Found a shimmering altar of Xom.
  1373 | D:2      | Noticed Natasha
  1375 | D:2      | Killed Natasha
  1375 | D:2      | Reached XP level 5. HP: 27/27 MP: 6/6
  1792 | D:2      | Found a sparkling altar of Nemelex Xobeh.
  1803 | D:2      | Found a deep blue altar of Sif Muna.
  1845 | D:2      | Found an opulent altar of Gozag.
  1854 | D:2      | Found a shimmering altar of Xom.
  1857 | D:2      | Found a bloodstained altar of Trog.
  2110 | D:2      | Noticed Natasha
  2124 | D:2      | Killed Natasha
  2261 | D:3      | Noticed Robin
  2263 | D:3      | Reached skill level 5 in Long Blades
  2281 | D:3      | Killed Robin
  2285 | D:3      | Got an ancient helmet
  2300 | D:3      | Identified the cursed +0 helmet of Ashenzari's Envy {rN+ Int+2} (You took it off Robin on level 3 of the Dungeon)
  2567 | D:3      | Reached XP level 6. HP: 32/32 MP: 7/7
  2569 | D:3      | Found an ancient bone altar of Kikubaaqudgha.
  2954 | D:4      | Found a staircase to the Ecumenical Temple.
  2989 | Temple   | Entered the Ecumenical Temple
  3212 | Temple   | Became a worshipper of Uskayaw the Reveler
  3257 | D:4      | Reached * piety under Uskayaw
  3270 | D:4      | Reached ** piety under Uskayaw
  3275 | D:4      | Reached *** piety under Uskayaw
  3276 | D:4      | Reached skill level 6 in Long Blades
  3279 | D:4      | Reached **** piety under Uskayaw
  3464 | D:4      | Reached XP level 7. HP: 3/35 MP: 0/8
  3620 | D:4      | Reached skill level 7 in Long Blades
  3731 | D:4      | Reached ***** piety under Uskayaw
  4010 | D:5      | Entered Level 5 of the Dungeon
  4497 | D:5      | Found a glowing drain.
  4503 | Sewer    | Entered a sewer
  4601 | Sewer    | Reached skill level 8 in Long Blades
  4751 | Sewer    | Gained mutation: You have razor-sharp teeth. [Vine Stalker growth]
  4751 | Sewer    | Reached XP level 8. HP: 39/39 MP: 9/9
  4844 | D:5      | Found an opulent altar of Gozag.
  5268 | D:6      | Found Wepreir's General Store.
  6072 | D:7      | Noticed a skeletal warrior
  6073 | D:7      | Noticed a skeletal warrior
  6144 | D:7      | Mangled by a skeletal warrior

Skill      XL: |  1  2  3  4  5  6  7  8 |
---------------+-------------------------+-----
Long Blades    | 2 3 4 5 6 8 |  8.1
Fighting       | 4 |  4.8
Armour         | 4 |  4.6
Shields        | |  2.6

Action                   |  1- 3 |  4- 6 |  7- 9 || total
-------------------------+-------+-------+-------++-------
Melee: Long sword        |    91 |   146 |   385 ||   622
       Bite              |    21 |    52 |   118 ||   191
  Use: Scroll            |       |     7 |     1 ||     8
       Potion            |       |       |     1 ||     1
 Stab: Paralysed         |       |     1 |     9 ||    10
  Eat: Chunk             |     1 |     7 |     9 ||    17
Armor: Scale mail        |    47 |    65 |     2 ||   114
       Crystal plate arm |       |       |   372 ||   372
       Chain mail        |       |       |    21 ||    21
Dodge: Dodged            |    20 |    55 |    15 ||    90
Block: Shield            |    36 |    83 |   227 ||   346
       Rpst.: Long sword |     5 |    15 |     5 ||    25
